 Dungeon Crawl Stone Soup version 0.22-a0-877-g5c4e1af (webtiles) character file.

7572 jjfam the Fighter (level 10, -10/97 HPs)
             Began as a Minotaur Berserker on July 29, 2018.
             Was an Elder of Trog.
             Mangled by a tentacled starspawn (32 damage)
             ... on level 1 of the Abyss.
             The game lasted 00:38:26 (10361 turns).

jjfam the Fighter (Minotaur Berserker)             Turns: 10361, Time: 00:38:27

Health: -10/97     AC: 15    Str: 24    XL:     10   Next: 97%
Magic:  11/11      EV: 12    Int:  4    God:    Trog [****..]
Gold:   498        SH: 12    Dex: 11    Spells: 9/9 levels left

rFire    . . .     SeeInvis .   e - +0 club
rCold    + . .     Gourm    .   s - +0 shield
rNeg     . . .     Faith    .   I - +2 scale mail {rC+}
rPois    .         Spirit   .   (helmet restricted)
rElec    .         Reflect  .   (no cloak)
rCorr    .         Harm     .   A - +1 pair of gloves
MR       +....                  o - +1 pair of boots
Stlth    +.........             L - amulet of Gam Pora {Regen+ Stlth+}
HPRegen  0.66/turn              p - ring of protection from magic
MPRegen  0.12/turn              w - +2 ring of evasion

@: no status effects
A: retaliatory headbutt, horns 2
a: Berserk, Trog's Hand, Brothers in Arms, Renounce Religion


You were on level 1 of the Abyss.
You worshipped Trog.
Trog was greatly pleased with you.
You were not hungry.

You visited 1 branch of the dungeon, and saw 11 of its levels.
You visited the Abyss 1 time.
You also visited: Sewer.

You collected 645 gold pieces.
You spent 147 gold pieces at shops.

Inventory:

Hand Weapons
 e - a +0 club (weapon)
 D - a +2 dire flail of protection
 M - a +0 war axe
Armour
 f - a +0 chain mail
 o - a +1 pair of boots (worn)
 s - a +0 shield (worn)
 A - a +1 pair of gloves (worn)
 I - a +2 scale mail of cold resistance (worn)
Jewellery
 p - a ring of protection from magic (left hand)
 w - a +2 ring of evasion (right hand)
 L - the amulet of Gam Pora (around neck) {Regen+ Stlth+}
   (You found it on level 8 of the Dungeon)

   [amulet of regeneration]

   It increases your rate of regeneration.
   It makes you more stealthy.
Wands
 n - a wand of polymorph (22)
 t - a wand of random effects (45)
 y - a wand of disintegration (26)
 B - a wand of enslavement (41)
 E - a wand of flame (19)
Scrolls
 b - 9 scrolls of teleportation
 d - 8 scrolls of remove curse
 h - 3 scrolls of enchant weapon {unknown}
 j - 12 scrolls of identify
 k - 2 scrolls of enchant armour
 q - 2 scrolls of fear {unknown}
 r - a scroll of amnesia {unknown}
 v - a scroll of fog {unknown}
 C - a scroll of noise {unknown}
 K - a scroll of immolation {unknown}
Potions
 g - 2 potions of flight
 i - 3 potions of curing
 l - 3 potions of heal wounds
 m - 2 potions of berserk rage
 u - 3 potions of mutation {unknown}
 x - 4 potions of agility
 z - a potion of brilliance {unknown}
 F - a potion of degeneration {unknown}
 G - 2 potions of ambrosia {unknown}
 H - a potion of cancellation {unknown}
 J - 2 potions of lignification {unknown}
 N - a potion of resistance {unknown}
Comestibles
 c - 9 rations


   Skills:
 * Level 11.7 Fighting
 + Level 10.1 Axes
 + Level 9.6 Armour
 - Level 2.6 Dodging
 + Level 9.1 Shields
 - Level 3.0 Evocations


You had 9 spell levels left.
You didn't know any spells.
Your spell library was empty.

Dungeon Overview and Level Annotations

Branches:
Dungeon (11/15)            Temple (0/1) D:6
   Lair: D:8-11         Orc: D:9-12

Altars:
Ashenzari
Cheibriados
Dithmenos
Elyvilon
Fedhas
Gozag
Hepliaklqana
Kikubaaqudgha
Makhleb
Okawaru
Qazlal
Trog
Uskayaw
Vehumet
Xom
Zin

Shops:
D:6 [   D:7 *%*

Annotations:
D:10 1 runed door, Sonja


Innate Abilities, Weirdness & Mutations

You reflexively headbutt those who attack you in melee.
You have a pair of horns on your head.


Message History

The tentacled starspawn is heavily damaged.
A tentacle flies out from the starspawn's body!
A starspawn tentacle comes into view.
You hit the tentacled starspawn.
The tentacled starspawn is heavily damaged.
The tentacled starspawn bites you! The tentacled starspawn engulfs you.
You hit the tentacled starspawn but do no damage.
Your headbutt misses the tentacled starspawn.
The tentacled starspawn is heavily damaged.
You block the tentacled starspawn's attack.
The tentacled starspawn closely misses you.
You hit the tentacled starspawn but do no damage.
The tentacled starspawn is heavily damaged.
The tentacled starspawn bites you!!
* * * LOW HITPOINT WARNING * * *
You block the tentacled starspawn's attack.
You hit the tentacled starspawn.
The tentacled starspawn is heavily damaged.
The tentacled starspawn bites you!!
You die...

#
###
#
#@#
#
##X#
# w#
..
.#.
#..#
# #


You could see a tentacled starspawn and a starspawn tentacle.

Vanquished Creatures
  Fannar (D:10)
  Erica (D:8)
  An unseen horror (D:10)
  A cyclops (D:10)
  2 trolls (D:10)
  Prince Ribbit (D:5)
  A hippogriff (D:10)
  5 yaks (D:10)
  A hungry ghost (D:8)
  Menkaure (D:4)
  An acid dragon (D:10)
  2 soldier ants (D:8)
  Edmund (D:4)
  An orc warrior (D:7)
  A sky beast (D:5)
  A phantom (D:9)
  2 black bears (D:6)
  A necrophage (D:10)
  3 ogres
  3 centaurs
  6 bullfrogs
  4 killer bees (D:9)
  2 crimson imps
  3 howler monkeys
  A bullfrog zombie (D:8)
  3 jellies
  3 hounds
  7 orc priests
  Crazy Yiuf (D:7)
  5 orc wizards
  A centaur skeleton (D:4)
  Ijyb (D:4)
  5 worker ants
  A hound zombie (D:6)
  3 hound skeletons
  A worker ant zombie (D:9)
  12 adders
  5 gnolls
  A shadow imp (D:10)
  5 oozes (Sewer)
  2 adder zombies
  An adder skeleton (D:4)
  4 worms
  3 dart slugs
  8 leopard geckos
  19 orcs
  5 giant cockroaches
  2 goblins
  7 hobgoblins
  8 jackals
  4 quokkas
  2 ball pythons
  17 bats
  6 frilled lizards
  2 kobolds
  3 quokka zombies
  12 rats
206 creatures vanquished.

Vanquished Creatures (collateral kills)
  A two-headed ogre (D:10)
  2 jellies (D:10)
  An orc (D:10)
4 creatures vanquished.

Vanquished Creatures (others)
  3 starspawn tentacles (Abyss:1)
3 creatures vanquished.

Grand Total: 213 creatures vanquished

Notes
Turn   | Place    | Note
-------+----------+-------------------------------------------
     0 | D:1      | jjfam the Minotaur Berserker began the quest for the Orb.
     0 | D:1      | Reached XP level 1. HP: 19/19 MP: 0/0
   180 | D:1      | Reached XP level 2. HP: 25/27 MP: 1/1
   274 | D:1      | Reached skill level 4 in Fighting
   653 | D:2      | Reached XP level 3. HP: 24/33 MP: 2/2
   744 | D:2      | Reached ** piety under Trog
   746 | D:2      | Found a burning altar of Makhleb.
  1088 | D:3      | Found an ancient bone altar of Kikubaaqudgha.
  1479 | D:3      | Reached XP level 4. HP: 38/41 MP: 3/3
  1483 | D:3      | Found a shadowy altar of Dithmenos.
  1978 | D:3      | Found a shimmering altar of Xom.
  2012 | D:4      | Noticed Ijyb
  2015 | D:4      | Found a hazy altar of Hepliaklqana.
  2023 | D:4      | Reached skill level 1 in Shields
  2035 | D:4      | Killed Ijyb
  2212 | D:4      | Reached XP level 5. HP: 38/47 MP: 4/4
  2342 | D:4      | Noticed Menkaure
  2362 | D:4      | Killed Menkaure
  2362 | D:4      | Reached skill level 5 in Fighting
  2362 | D:4      | Reached skill level 5 in Axes
  2362 | D:4      | Reached XP level 6. HP: 47/56 MP: 5/5
  2426 | D:4      | Noticed Edmund
  2460 | D:4      | Killed Edmund
  2822 | D:4      | Found an opulent altar of Gozag.
  2822 | D:4      | Found a glowing silver altar of Zin.
  2861 | D:5      | Entered Level 5 of the Dungeon
  2861 | D:5      | Noticed a sky beast
  2879 | D:5      | Killed a sky beast
  2993 | D:5      | Found a snail-covered altar of Cheibriados.
  3009 | D:5      | Found a glowing drain.
  3060 | Sewer    | Entered a sewer
  3064 | Sewer    | Reached XP level 7. HP: 61/62 MP: 6/6
  3065 | Sewer    | Reached *** piety under Trog
  3782 | D:5      | Noticed Prince Ribbit
  3862 | D:5      | Killed Prince Ribbit
  3862 | D:5      | Reached skill level 6 in Fighting
  3862 | D:5      | Reached skill level 5 in Armour
  4975 | D:6      | Found a blossoming altar of Fedhas.
  4975 | D:6      | Found a faded altar of an unknown god.
  4984 | D:6      | Found a shattered altar of Ashenzari.
  4992 | D:6      | Found a hide-covered altar of Uskayaw.
  4994 | D:6      | Found a stormy altar of Qazlal.
  5047 | D:6      | Reached XP level 8. HP: 69/71 MP: 7/7
  5065 | D:6      | Found Ynesiq's Armour Emporium.
  5112 | D:6      | Found a staircase to the Ecumenical Temple.
  5228 | D:6      | You fall through a shaft!
  5300 | D:6      | Found a bloodstained altar of Trog.
  5303 | D:6      | Reached skill level 5 in Shields
  5305 | D:6      | Reached skill level 1 in Evocations
  5310 | D:6      | Reached skill level 7 in Fighting
  5605 | D:7      | Found Xyluurioll's Assorted Antiques.
  5615 | D:7      | Bought a shiny scale mail for 147 gold pieces
  5640 | D:7      | Found Suekhlod's Food Boutique.
  5837 | D:7      | Reached **** piety under Trog
  6105 | D:7      | Found Ure Heus's Assorted Antiques.
  6176 | D:7      | Reached XP level 9. HP: 62/81 MP: 9/9
  6373 | D:7      | Found a runed door.
  6616 | D:7      | Noticed Crazy Yiuf
  6622 | D:7      | Killed Crazy Yiuf
  6799 | D:8      | Found an iron altar of Okawaru.
  6819 | D:8      | Reached skill level 8 in Fighting
  6859 | D:8      | Found a sand-covered staircase.
  6901 | D:8      | Got a spiked scale mail
  6972 | D:8      | Found a white marble altar of Elyvilon.
  6995 | D:8      | Got a faintly glowing steel amulet
  7270 | D:8      | Noticed Erica
  7298 | D:8      | Killed Erica
  7298 | D:8      | Reached skill level 9 in Fighting
  7896 | D:8      | Identified the +2 scale mail of Nihifage {MP+9 Str-3 Dex+4} (You found it on level 8 of the Dungeon)
  7907 | D:8      | Identified the amulet of Gam Pora {Regen+ Stlth+} (You found it on level 8 of the Dungeon)
  8336 | D:9      | Found a radiant altar of Vehumet.
  9123 | D:10     | Entered Level 10 of the Dungeon
  9184 | D:10     | Noticed Fannar
  9236 | D:10     | Killed Fannar
  9236 | D:10     | Reached skill level 10 in Fighting
  9236 | D:10     | Reached XP level 10. HP: 70/93 MP: 11/11
  9521 | D:10     | Killed an unseen horror
  9521 | D:10     | Reached skill level 11 in Fighting
  9620 | D:10     | Noticed a two-headed ogre
  9628 | D:10     | Killed a two-headed ogre
  9628 | D:10     | Reached skill level 10 in Axes
  9755 | D:10     | Noticed Sonja
  9865 | D:10     | Noticed a cyclops
  9895 | D:10     | Found a runed door.
  9897 | D:10     | Killed a cyclops
  9926 | D:10     | HP: 4/97 [Sonja/uncursed dagger of distortion (6)]
 10109 | D:11     | Noticed a seven-headed hydra
 10138 | D:10     | Cast into level 1 of the Abyss (Sonja)
 10142 | Abyss:1  | Noticed a tentacled starspawn
 10350 | Abyss:1  | Noticed a tentacled starspawn
 10361 | Abyss:1  | Mangled by a tentacled starspawn

Vault maps used:
D:1:      scummos_arrival_simple_fountains, serial_bayou_pond_e
D:2:      lemuel_crystal_altar, minivault_27
D:3:      lemuel_coloured_pillars_altar, kiku_gazebo_pond_becter,
          nicolae_dithmenos_through_a_glass_darkly
D:4:      grunt_temple_overflow_gold_and_silver, old_standard_altar,
          kennysheep_generic_room_14, uniq_ijyb, uniq_edmund, uniq_menkaure
D:5:      kennysheep_slug_shrine, portal_sewer_entry_d, first_ration,
          st_stairs_14, uniq_prince_ribbit1
D:6:      chequers_temple_overflow_minitemple, minmay_temple_entry_nine_rooms,
          serial_shops, shop, trog_ov_bears_minmay
D:7:      serial_shops, shop, nicolae_shop_stone, kennysheep_mini, sigmund_army,
          uniq_crazy_yiuf_cottage
D:8:      nicolae_overflow_crystal_walls, nicolae_ossuary_entry_false_entrances,
          hangedman_pestilent_swarm, elyvilon_altar_3, uniq_erica
D:9:      vehumet_altar_wand_db
D:10:     minmay_the_grid_triangle_9x9_rhombus_thin_mashed,
          hangedman_abyss_or_decor_passed, uniq_sonja, uniq_fannar
D:11:     erik_lair_orcish_takeover
Sewer:    sewer_fruit_machine

Skill      XL: |  1  2  3  4  5  6  7  8  9 10 |
---------------+-------------------------------+-----
Axes           | 4 5 6 7 9 10 | 10.1
Fighting       | 4 5 6 7 10 11 | 11.7
Armour         | 3 4 5 7 8 9 |  9.6
Shields        | 1 2 3 4 6 7 9 |  9.1
Evocations     | 2 3 |  3.0
Dodging        | |  2.6

Action                   |  1- 3 |  4- 6 |  7- 9 | 10-12 || total
-------------------------+-------+-------+-------+-------++-------
Melee: Hand axe          |   103 |   104 |   423 |       ||   630
       Headbutt          |    11 |    19 |    82 |    23 ||   135
       War axe           |       |       |    29 |   124 ||   153
       Club              |       |       |       |    11 ||    11
Invok: Berserk           |     1 |       |     4 |     1 ||     6
       Trog's Hand       |     1 |       |     1 |     1 ||     3
       Brothers in Arms  |       |       |     1 |     2 ||     3
Evoke: Wand              |       |     4 |     2 |     2 ||     8
  Use: Scroll            |       |     9 |       |     1 ||    10
       Potion            |       |       |     2 |     3 ||     5
  Eat: Chunk             |     3 |     4 |    13 |     5 ||    25
       Ration            |       |     1 |     3 |     1 ||     5
Armor: Ring mail         |    39 |    47 |    53 |       ||   139
       Animal skin       |     2 |       |       |       ||     2
       Scale mail        |       |       |    79 |    85 ||   164
Dodge: Dodged            |    65 |    42 |   180 |    83 ||   370
Block: Shield            |     9 |    48 |   227 |   116 ||   400

Table legend:
 A = Spawn XP
 B = Non-spawn XP
 C = Spawn XP percentage of total XP
 D = Spawn monster count
 E = Non-spawn monster count
 F = Spawn count percentage of total count
 G = Total turns spent on level
                    A         B        C        D         E        F      G
               +---------+---------+-------+---------+---------+-------+---------
         Total |       0 |   10818 |   0.0 |       0 |     210 |   0.0 | 10361
               +---------+---------+-------+---------+---------+-------+---------
           D:1 |       0 |      28 |   0.0 |       0 |      16 |   0.0 |   626
           D:2 |       0 |      42 |   0.0 |       0 |      19 |   0.0 |   442
           D:3 |       0 |      43 |   0.0 |       0 |      13 |   0.0 |   974
           D:4 |       0 |     472 |   0.0 |       0 |      12 |   0.0 |   819
           D:5 |       0 |     638 |   0.0 |       0 |       9 |   0.0 |  1395
           D:6 |       0 |     702 |   0.0 |       0 |      16 |   0.0 |   656
           D:7 |       0 |     885 |   0.0 |       0 |      23 |   0.0 |  1129
           D:8 |       0 |    1786 |   0.0 |       0 |      16 |   0.0 |  1279
           D:9 |       0 |     776 |   0.0 |       0 |      21 |   0.0 |  1159
          D:10 |       0 |    5372 |   0.0 |       0 |      40 |   0.0 |  1013
         Sewer |       0 |      74 |   0.0 |       0 |      25 |   0.0 |   644
               +---------+---------+-------+---------+---------+-------+---------
